 Dungeon Crawl Stone Soup version 0.27-a0-1149-g4505690ab0 (webtiles) character file.

Game seed: 13958877442561824142

2793 kae the Carver (level 9, -1/72 HPs)
             Began as a Demonspawn Fighter on May 12, 2021.
             Was a Priest of Okawaru.
             Slain by an orc warrior
             ... wielding a +0 long sword
              (15 damage)
             ... on level 6 of the Dungeon.
             The game lasted 00:05:42 (7009 turns).

kae the Carver (Demonspawn Fighter)                 Turns: 7009, Time: 00:05:43

Health: -1/72      AC: 12    Str: 20    XL:     9   Next: 43%
Magic:  14/14      EV: 10    Int: 10    God:    Okawaru [***...]
Gold:   1299       SH:  0    Dex: 12    Spells: 8/8 levels left

rFire    + . .     SeeInvis +   t - +2 great sword
rCold    + . .     Faith    .   (shield currently unavailable)
rNeg     + . .     Spirit   .   l - +1 plate armour
rPois    .         Reflect  .   (helmet restricted)
rElec    .         Harm     .   k - scarf {rC+ rF+}
rCorr    .         Rampage  .   (no gloves)
Will     .....                  (no boots)
Stlth    ..........             s - amulet of regeneration
HPRegen  1.22/turn              e - ring of see invisible
MPRegen  0.14/turn              q - ring of positive energy

@: agile
A: claws 1, hooves 2, horns 1, powered by pain 2
a: Renounce Religion, Heroism


You were on level 6 of the Dungeon.
You worshipped Okawaru.
Okawaru was most pleased with you.
You visited 2 branches of the dungeon, and saw 7 of its levels.
You also visited: Sewer.

You collected 1338 gold pieces.
You spent 39 gold pieces at shops.

Inventory:

Hand Weapons
 a - a +0 long sword
 t - a +2 great sword (weapon)
Armour
 b - a +0 scale mail
 c - a +0 kite shield
 k - a scarf of resistance (worn)
 l - a +1 plate armour (worn)
Jewellery
 e - a ring of see invisible (left claw)
 j - a ring of ice
 q - a ring of positive energy (right claw)
 s - an amulet of regeneration (around neck)
Scrolls
 f - a scroll of teleportation
Potions
 d - 2 potions of lignification
 g - 3 potions of curing
 h - a potion of resistance
 i - a potion of degeneration {unknown}
 m - a potion of haste {unknown}
 n - a potion of mutation {unknown}
 o - a potion of magic {unknown}
 p - a potion of flight {unknown}
 r - a potion of ambrosia {unknown}


   Skills:
 + Level 7.4 Fighting
 * Level 9.1 Long Blades
 - Level 2.6 Armour
 - Level 2.6 Shields
 + Level 6.9 Invocations


You had 8 spell levels left.
You didn't know any spells.
Your spell library contained the following spells:

 Spells                   Type           Power      Damage    Failure   Level
 Summon Small Mammal      Summ           0%         N/A       100%        1
 Call Imp                 Summ           0%         N/A       100%        2
 Call Canine Familiar     Summ           0%         N/A       100%        3
 Summon Guardian Golem    Hex/Summ       0%         N/A       100%        3
 Summon Ice Beast         Ice/Summ       0%         N/A       100%        4
 Summon Lightning Spire   Summ/Air       0%         N/A       100%        4
 Bolt of Magma            Conj/Fire/Erth 0%         4d4       100%        5
 Iskenderun's Battlesphe  Conj           0%         2d6       100%        5
 Iron Shot                Conj/Erth      0%         9d1       100%        6
 Orb of Destruction       Conj           0%         N/A       100%        7
 Spellforged Servitor     Conj/Summ      0%         N/A       100%        7


Dungeon Overview and Level Annotations

Branches:
Dungeon (6/15)             Temple (1/1) D:4           Sewer (visited)

Altars:
Ashenzari
Cheibriados
Dithmenos
Elyvilon
Gozag
Hepliaklqana
Kikubaaqudgha
Makhleb
Nemelex Xobeh
Okawaru
Qazlal
Ru
Sif Muna
Trog
Xom
Yredelemnul
Zin
The Shining One

Shops:
D:6 *


Innate Abilities, Weirdness & Mutations

You have sharp fingernails.
You have hoof-like feet.
You have a pair of small horns on your head.
You sometimes gain power by taking damage.


Message History

The orc warrior hits you with a +0 long sword.
The gnoll hits you from afar with a +0 halberd!
You focus on the pain.
You feel agile all of a sudden. The orc warrior barely misses you.
You hit the orc warrior.
You kick the orc warrior, but do no damage.
You headbutt the orc warrior.
The orc warrior is almost dead.
The gnoll barely misses you.
The orc warrior hits you with a +0 long sword!
The gnoll hits you from afar with a +0 halberd!
You barely miss the orc warrior. Your kick misses the orc warrior.
Your headbutt misses the orc warrior.
The orc warrior is almost dead.
The orc warrior hits you with a +0 long sword!
* * * LOW HITPOINT WARNING * * *
The gnoll closely misses you.
You closely miss the orc warrior.
You kick the orc warrior, but do no damage.
Your headbutt misses the orc warrior.
The orc warrior is almost dead.
The orc warrior hits you but does no damage.
The gnoll barely misses you.
You closely miss the orc warrior. Your kick misses the orc warrior.
Your headbutt misses the orc warrior.
The orc warrior is almost dead.
The orc warrior hits you but does no damage.
The gnoll barely misses you.
The orc warrior hits you but does no damage.
You closely miss the orc warrior. Your headbutt misses the orc warrior.
The orc warrior is almost dead.
The gnoll closely misses you.
The orc warrior hits you but does no damage.
You closely miss the orc warrior. Your kick misses the orc warrior.
The orc warrior is almost dead.
The gnoll hits you from afar with a +0 halberd!
* * * LOW HITPOINT WARNING * * *
The orc warrior hits you with a +0 long sword!
You die...

####
##..##
#....#
+....####
#go##..##
#'#@....#
.gg##....#
#..oJ
##..##
#?!...
##'##
#[..8.
##..##
#?....
#....###
##....
#...)'.#
+#..##[#
####..#


You could see an orc warrior and a gnoll.

Vanquished Creatures
  7 yaks
  A water moccasin (D:5)
  2 orc warriors (D:6)
  A black bear (D:5)
  A sky beast (D:6)
  Purgy (Sewer)
  2 ogres
  A necrophage (D:6)
  A centaur (D:5)
  A bullfrog (D:6)
  A scorpion (D:5)
  A gnoll sergeant (D:6)
  2 water moccasin zombies (D:5)
  A wight (D:6)
  A centaur zombie (D:5)
  A hound (D:6)
  A gnoll shaman (D:4)
  2 jellies (D:5)
  2 bullfrog skeletons
  2 iguanas (D:5)
  2 orc wizards
  A killer bee zombie (D:5)
  A hound zombie (D:5)
  A hound skeleton (D:4)
  5 gnolls
  7 adders
  A river rat (D:3)
  An adder skeleton (D:4)
  2 worms
  A dart slug (D:5)
  18 orcs
  6 ball pythons
  7 bats
  7 endoplasms
  2 giant cockroaches (D:1)
  9 goblins
  8 hobgoblins
  3 jackals (D:1)
  3 kobolds
  2 quokkas
  2 frilled lizards
  5 rats
126 creatures vanquished.

Notes
Turn   | Place    | Note
-------+----------+-------------------------------------------
     0 | D:1      | kae the Demonspawn Fighter began the quest for the Orb.
     0 | D:1      | Reached XP level 1. HP: 18/18 MP: 1/1
    74 | D:1      | Reached skill level 2 in Long Blades
   336 | D:1      | Gained mutation: You sometimes gain a little power by
                  | taking damage. [demonic ancestry]
   336 | D:1      | Reached XP level 2. HP: 19/24 MP: 2/2
   619 | D:1      | Found a faded altar of an unknown god.
   716 | D:1      | Reached XP level 3. HP: 29/29 MP: 3/3
   768 | D:1      | Reached skill level 3 in Long Blades
  1360 | D:2      | Gained mutation: You sometimes gain power by taking damage.
                  | [demonic ancestry]
  1360 | D:2      | Reached XP level 4. HP: 22/37 MP: 4/4
  1961 | D:3      | Reached skill level 4 in Long Blades
  1977 | D:3      | Identified a scroll of acquirement
  1977 | D:3      | Acquired 1065 gold pieces
  1991 | D:3      | Found a glowing drain.
  1998 | D:3      | Gained mutation: You have large cloven feet. [demonic
                  | ancestry]
  1998 | D:3      | Reached XP level 5. HP: 19/42 MP: 5/5
  2004 | Sewer    | Entered a sewer
  2188 | Sewer    | Noticed Purgy
  2206 | Sewer    | Killed Purgy
  2477 | D:3      | Found an opulent altar of Gozag.
  2909 | D:4      | Found a staircase to the Ecumenical Temple.
  2943 | D:4      | Noticed a yak
  2952 | Temple   | Entered the Ecumenical Temple
  3182 | D:4      | Noticed a yak
  3184 | D:4      | Noticed a yak
  3184 | D:4      | Noticed a yak
  3185 | D:4      | Noticed a yak
  3191 | D:4      | Noticed a yak
  3442 | D:4      | Gained mutation: You have sharp fingernails. [demonic
                  | ancestry]
  3442 | D:4      | Reached XP level 6. HP: 16/49 MP: 6/6
  3745 | D:3      | Reached skill level 5 in Long Blades
  4248 | D:4      | Found an iron altar of Okawaru.
  4336 | D:4      | Killed a yak
  4337 | D:4      | Reached skill level 5 in Fighting
  4607 | D:4      | Became a worshipper of Warmaster Okawaru
  4660 | D:4      | Killed a yak
  4661 | D:4      | Reached skill level 6 in Long Blades
  4661 | D:4      | Reached skill level 1 in Invocations
  4661 | D:4      | Gained mutation: You have a pair of small horns on your
                  | head. [demonic ancestry]
  4661 | D:4      | Reached XP level 7. HP: 46/56 MP: 6/8
  4663 | D:4      | Killed a yak
  4669 | D:4      | Killed a yak
  4669 | D:4      | Reached * piety under Okawaru
  4674 | D:4      | Killed a yak
  4675 | D:4      | Gained mutation: You have hoof-like feet. [demonic
                  | ancestry]
  4675 | D:4      | Reached XP level 8. HP: 14/64 MP: 10/10
  4676 | D:4      | Reached ** piety under Okawaru
  4677 | D:4      | Reached skill level 7 in Long Blades
  5196 | D:4      | Found a shimmering altar of Xom.
  5287 | D:5      | Entered Level 5 of the Dungeon
  5717 | D:5      | Found a broken altar of Ashenzari.
  5775 | D:5      | Reached skill level 5 in Invocations
  5851 | D:5      | Reached skill level 8 in Long Blades
  6178 | D:5      | Reached *** piety under Okawaru
  6179 | D:5      | Reached XP level 9. HP: 58/71 MP: 13/13
  6693 | D:5      | Found a shimmering blue altar of Sif Muna.
  6706 | D:5      | Found a basalt altar of Yredelemnul.
  6847 | D:6      | Found Beih's General Store.
  6889 | D:6      | Bought a potion of lignification for 39 gold pieces
  6984 | D:6      | Reached skill level 9 in Long Blades
  7009 | D:6      | Slain by an orc warrior

Illustrated notes

Levels and vault maps discovered:
D:1:      wander_arrival_fairy_ring, layout_rooms, basic_ecumenical_altar
D:2:      layout_rooms
D:3:      layout_basic, lemuel_round_altar, portal_sewer_entry_a, minivault_24
D:4:      layout_rooms, brannock_xom_greatest_gift,
          lemuel_coloured_pillars_altar, minmay_temple_entry_slanted
D:5:      layout_basic, ashenzari_conservatory_becter,
          minmay_overflow_temple_star_quad, hangedman_decor_lopped,
          roderic_lattice_a, minmay_fractal_squares_5
D:6:      minmay_bubble_buster, layout_loops_ring, serial_shops, shop,
          minmay_misc_feat_rugged, eino_small_chamber_without_monster
Temple:   minmay_temple_curvy_loop

Skill      XL: |  1  2  3  4  5  6  7  8  9 |
---------------+----------------------------+-----
Long Blades    | 2 3 4 6 8 9 |  9.1
Fighting       | 4 5 6 7 |  7.4
Invocations    | 1 3 5 6 |  6.9
Armour         | |  2.6
Shields        | |  2.6

Action                   |  1- 3 |  4- 6 |  7- 9 || total
-------------------------+-------+-------+-------++-------
Melee: Long sword        |   117 |   211 |   165 ||   493
       Kick              |       |    41 |    63 ||   104
       Headbutt          |       |       |    42 ||    42
       Great sword       |       |       |    29 ||    29
  Use: Scroll            |       |     8 |     2 ||    10
       Potion            |       |     4 |       ||     4
Armor: Scale mail        |    43 |       |       ||    43
       Plate armour      |    48 |   182 |   113 ||   343
Dodge: Dodged            |    39 |    30 |    40 ||   109
Block: Kite shield       |    66 |   126 |    68 ||   260
       Rpst.: Long sword |    11 |     7 |     7 ||    25
       Great sword       |       |       |     2 ||     2

Table legend: (Time is in decaauts)
 A = Elapsed time spent in this place.
 B = Non-inter-level travel time spent in this place.
 C = Inter-level travel time spent in this place.
 D = Time resting spent in this place.
 E = Time spent auto-exploring this place.
 F = Levels seen in this place.
 G = Mean time per level.
                   A        B        C        D        E       F      G
               +--------+--------+--------+--------+--------+-----+--------+
         Total |   7212 |   6987 |    225 |   1564 |   4048 |   8 |  901.5 |
       Dungeon |   6624 |   6422 |    202 |   1427 |   3709 |   6 | 1104.0 |
        Temple |    223 |    200 |     23 |      0 |    199 |   1 |  223.0 |
         Sewer |    364 |    364 |      0 |    137 |    140 |   1 |  364.0 |
               +--------+--------+--------+--------+--------+-----+--------+

Top non-repeatable levels by time:
     D:4: 1778 daAuts
     D:5: 1490 daAuts
     D:3: 1296 daAuts
     D:1: 1025 daAuts
     D:2: 765 daAuts
   Sewer: 364 daAuts
     D:6: 269 daAuts
  Temple: 223 daAuts
